 Dungeon Crawl Stone Soup version 0.29.1-2-gbd0b4ee654 (webtiles) character file.

Game seed: 15194789983300292642

123 qeuew the Grasshopper (level 4, -3/36 HPs)
             Began as a Palentonga Warper on Nov 7, 2022.
             Was an Initiate of Okawaru.
             Slain by Blork the orc
             ... wielding a +0 battleaxe
              (6 damage)
             ... on level 4 of the Dungeon.
             The game lasted 00:06:45 (3155 turns).

qeuew the Grasshopper (Palentonga Warper)           Turns: 3155, Time: 00:06:46

Health: -3/36      AC:  6    Str: 19    XL:     4   Next: 79%
Magic:  7/7        EV:  8    Int: 19    God:    Okawaru [......]
Gold:   211        SH:  3    Dex:  9    Spells: 5/8 levels left

rFire   . . .      SeeInvis +   a - +0 hand axe
rCold   . . .      Faith    .   o - +0 buckler
rNeg    . . .      Spirit   .   k - +0 ring mail
rPois   .          Reflect  .   (no helmet)
rElec   .          Harm     .   b - +0 cloak
rCorr   .          Rampage  .   (no gloves)
Will    .....                   (no barding)
Stlth   ..........              (no amulet)
HPRegen 0.12/turn               i - +6 ring of intelligence
MPRegen 0.10/turn               (no ring)

@: no status effects
A: large, rugged brown scales 3, see invisible, deformed body, roll 1, armoured
tail
a: Rolling Charge, Renounce Religion


You were on level 4 of the Dungeon.
You worshipped Okawaru.
Okawaru was noncommittal.
You visited 1 branch of the dungeon, and saw 4 of its levels.

You collected 211 gold pieces.

Inventory:

Hand Weapons
 a - a +0 hand axe (weapon)
Missiles
 d - 7 boomerangs of dispersal (quivered)
Armour
 b - a +0 cloak (worn)
 k - a +0 ring mail (worn)
 o - a +0 buckler (worn)
Jewellery
 i - a +6 ring of intelligence (left hand)
Scrolls
 c - 2 scrolls of blinking
 e - a scroll of enchant weapon
Potions
 f - 2 potions of resistance {unknown}
 g - 2 potions of brilliance
 h - a potion of curing


   Skills:
 + Level 2.7 Fighting
 + Level 2.7 Axes
 - Level 0.6 Throwing
 + Level 1.5 Armour
 + Level 2.1 Dodging
 + Level 0.1 Shields
 + Level 2.6 Spellcasting
 + Level 3.5 Translocations


You had 5 spell levels left.
You knew the following spells:

 Your Spells              Type           Power      Damage    Failure   Level
a - Teleport Other        Tloc           15%        N/A       24%         3

Your spell library contained the following spells:

 Spells                   Type           Power      Damage    Failure   Level
 Blink                    Tloc           30%        N/A       12%         2
 Gell's Gravitas          Tloc           15%        N/A       24%         3
 Lesser Beckoning         Tloc           15%        N/A       24%         3
 Ensorcelled Hibernation  Hex/Ice        4%         N/A       47%         2
 Passage of Golubria      Tloc           15%        N/A       63%         4
 Spider Form              Tmut/Pois      2%         N/A       71%         3
 Manifold Assault         Tloc           15%        N/A       92%         5
 Anguish                  Hex/Necr       1%         N/A       98%         4
 Yara's Violent Unravell  Hex/Tmut       1%         3d3       100%        5
 Tukima's Dance           Hex            Unusable   N/A       N/A         3

Dungeon Overview and Level Annotations

Branches:
Dungeon (4/15)
 Temple: D:4-7

Altars:
Hepliaklqana
Makhleb
Nemelex Xobeh
Okawaru

Shops:
D:3 :

Annotations:
D:4 Blork the orc


Innate Abilities, Weirdness & Mutations

You are completely covered in rugged brown scales. (AC +3, +7% HP)
You have supernaturally acute eyesight. (SInv)
Armour fits poorly on your strangely shaped body.
You can roll at nearby foes to attack.
You have a long armoured tail.


Message History

You completely miss the bush. You hit the bush but do no damage.
You hit the bush.
Blork the orc hits you with a +0 battleaxe.
You barely miss Blork the orc.
Blork the orc is moderately wounded.
You hit the bush but do no damage. x3; You block Blork the orc's attack.
You slash Blork the orc!
Blork the orc is severely wounded.
You hit the bush but do no damage. x2; You hit the bush.
You block Blork the orc's attack.
You hit Blork the orc but do no damage.
You tail-slap Blork the orc, but do no damage.
Blork the orc is severely wounded.
You hit the bush but do no damage. x3
Blork the orc mumbles some strange words.
Blork the orc seems to speed up.
You hit Blork the orc.
Blork the orc is severely wounded.
You hit the bush but do no damage. x3
Blork the orc hits you with a +0 battleaxe!
* * * LOW HITPOINT WARNING * * *
Blork the orc hits you with a +0 battleaxe.
* * * LOW HITPOINT WARNING * * *
You feel better. Blork the orc closely misses you. x2
You hit Blork the orc but do no damage.
Blork the orc is severely wounded.
You hit the bush but do no damage. x3
Blork the orc hits you with a +0 battleaxe!
* * * LOW HITPOINT WARNING * * *
Blork the orc hits you with a +0 battleaxe.
* * * LOW HITPOINT WARNING * * *
You closely miss Blork the orc.
Blork the orc is severely wounded.
You hit the bush but do no damage. x2; You hit the bush.
Blork the orc barely misses you.
You hit Blork the orc.
Blork the orc is severely wounded.
You hit the bush but do no damage. x2; You hit the bush.
Blork the orc hits you with a +0 battleaxe.
You die...

#.......
#........
#.......
#....PPPPP
#........ .
#....P.PPP.P
#..oP.....P ..
#..@P.._..P #..
#...P.....P......
#...P.PPP.P......
#................
##..PPPPPPP......
#...............
#...#...#........
#..###..#........
#.## ##..........


You could see Blork the orc (fast).

Vanquished Creatures
  A hound (D:3)
  Jessica (D:3)
  An adder (D:3)
  2 worms (D:3)
  A dart slug (D:1)
  An orc (D:3)
  6 bats
  4 endoplasms
  3 goblins
  7 hobgoblins
  5 jackals
  5 ball pythons
  5 frilled lizards
  5 kobolds
  2 rats
49 creatures vanquished.

Notes
Turn   | Place    | Note
-------+----------+-------------------------------------------
     0 | D:1      | qeuew the Palentonga Warper began the quest for the Orb.
     0 | D:1      | Reached XP level 1. HP: 17/17 MP: 3/3
    96 | D:1      | Found a faded altar of an unknown god.
   118 | D:1      | Reached skill level 1 in Armour
   153 | D:1      | Reached XP level 2. HP: 22/23 MP: 5/5
  1137 | D:2      | Reached XP level 3. HP: 29/29 MP: 6/6
  1827 | D:3      | Learned a level 3 spell: Teleport Other
  1927 | D:3      | Reached XP level 4. HP: 13/36 MP: 7/7
  2145 | D:3      | Noticed Jessica
  2161 | D:3      | Killed Jessica
  2391 | D:3      | Found Xoskasim's Book Emporium.
  2881 | D:3      | Found a sparkling altar of Nemelex Xobeh.
  2957 | D:3      | Found a hazy altar of Hepliaklqana.
  2957 | D:3      | Found an iron altar of Okawaru.
  2964 | D:3      | Became a worshipper of Warmaster Okawaru
  3126 | D:4      | Found a burning altar of Makhleb.
  3133 | D:4      | Noticed Blork the orc
  3155 | D:4      | Slain by Blork the orc

Illustrated notes

Levels and vault maps discovered:
D:1:      heliophobic_arrival_ceremonial_halls, layout_basic,
          hellmonk_ecumenical_altar_run_dry, chequers_serial_rivers_micro_a,
          dk_noncrumbling_3
D:2:      layout_basic, serial_aquarium, aquarium_bridge_long_joined
          [aquarium_subvault_window, aquarium_subvault_window,
          aquarium_subvault_wall, aquarium_subvault_wall,
          aquarium_subvault_bridge, aquarium_subvault_wall],
          aquarium_window_fake, aquarium_window_1, aquarium_window_double,
          aquarium_view_2a, aquarium_view_2f
D:3:      layout_rooms, mainiacjoe_overflow_small_starburst,
          gammafunk_temple_overflow_wave, serial_shops, nicolae_square_shop,
          serial_glass, glass_columns_a, glass_columns_b, feat_on_display,
          st_stairs_12, minmay_misc_feat_tower, uniq_jessica
D:4:      layout_cave_pods, mainiacjoe_overflow_cross_hatched,
          fiery_altar_vehumet, uniq_blork_the_orc

Skill      XL: |  1  2  3 |
---------------+----------+-----
Armour         | 1 |  1.5
Dodging        | 2 |  2.1
Fighting       | |  2.7
Axes           | |  2.7
Throwing       | |  0.6
Shields        | |  0.1
Spellcasting   | |  2.6
Translocations | |  3.5

Action                   |  1- 3 |  4- 6 || total
-------------------------+-------+-------++-------
Melee: Hand axe          |    94 |    68 ||   162
       Tailslap          |    14 |     5 ||    19
       Punch             |     2 |       ||     2
 Abil: Rolling Charge    |       |     1 ||     1
  Use: Scroll            |     7 |     2 ||     9
       Potion            |     2 |     3 ||     5
Armor: Leather armour    |    24 |       ||    24
       Ring mail         |    15 |    21 ||    36
Dodge: Dodged            |    45 |    30 ||    75
Block: Buckler           |       |     5 ||     5
